AoeStats
← chtken11

Hideout

510268723Analyzed
1v1 RM · 2d ago on Sep 30, 2026· 29m 0s· 2 players
Game mode
Random Map
Map size
Tiny (2 player)
Population
200
Speed
Normal
Resources
Standard
Victory
Conquest
Starting age
Dark Age
Ending age
Imperial Age
RankedLock teamsTeams togetherTeam positionsShared explorationLock speedFull tech treeHidden civsTurbo modeCheats
Victory
Defeat
🇦🇺 Varangians · Australia
840
+16
🇦🇺 Goths · Australia
831
-16
chtken11
8:07 Loom
11:27 Feudal Age
15:52 Castle Age
14:22 Double-Bit Axe
14:19 Horse Collar
15:54 Gold Mining
sebastienbohan95
7:50 Loom
10:54 Feudal Age
12:49 Bloodlines
13:42 Scale Barding Armor
14:12 Forging
25:00 Castle Age
23:49 Fletching
25:53 Husbandry
26:58 Bodkin Arrow
Connection lost

Rejoining the realm…

Still unreachable

The connection could not be restored.

Session expired

The server has moved on; the page needs a fresh start.